 Dungeon Crawl Stone Soup version 0.23.2-1-ga50397a6bc (webtiles) character file.

Game seed: 3714575707973903857

98 Gargoyl the Skirmisher (level 4, -2/38 HPs)
             Began as a Centaur Abyssal Knight on Apr 16, 2019.
             Was a Believer of Lugonu.
             Slain by Crazy Yiuf
             ... wielding a +4 quarterstaff of chaos
              (16 damage)
             ... on level 3 of the Dungeon.
             The game lasted 00:06:16 (2949 turns).

Gargoyl the Skirmisher (Centaur Abyssal Knight)     Turns: 2949, Time: 00:06:17

Health: -2/38      AC:  6    Str: 14 (15) XL:     4   Next: 44%
Magic:  6/6        EV:  7    Int:  8 (11) God:    Lugonu [**....]
Gold:   119        SH:  0    Dex:  6 (9)  Spells: 3/3 levels left

rFire    . . .     SeeInvis .   a - +1 hand axe
rCold    + . .     Gourm    .   (no shield)
rNeg     . . .     Faith    .   o - +0 scale mail
rPois    .         Spirit   .   (no helmet)
rElec    .         Reflect  .   (no cloak)
rCorr    .         Harm     .   (no gloves)
MR       +....                  (no barding)
Stlth    ..........             (no amulet)
HPRegen  0.12/turn              e - ring of protection from magic
MPRegen  0.10/turn              g - ring of protection from cold

@: very quick
A: large, hooves 3, deformed body, speed 2, tough skin 3
a: Depart the Abyss, Bend Space, Renounce Religion


You were on level 3 of the Dungeon.
You worshipped Lugonu.
Lugonu was pleased with you.
You were hungry.

You visited 1 branch of the dungeon, and saw 3 of its levels.
You visited the Abyss 1 time.

You collected 119 gold pieces.

Inventory:

Hand Weapons
 a - a +1 hand axe (weapon)
Missiles
 i - 5 javelins (quivered)
Armour
 b - a +0 leather armour
 o - a +0 scale mail (worn)
Jewellery
 e - a ring of protection from magic (left hand)
 g - a ring of protection from cold (right hand)
Scrolls
 j - a scroll of identify
 k - a scroll of remove curse
 n - a scroll of fear
Potions
 d - a potion of resistance {unknown}
 f - a potion of ambrosia {unknown}
 h - a potion of curing {unknown}
 l - a potion of invisibility {unknown}
Comestibles
 c - 2 rations


   Skills:
 + Level 3.5 Fighting
 + Level 2.5 Axes
 * Level 1.9 Armour
 * Level 1.5 Dodging
 * Level 2.7 Invocations


You had 3 spell levels left.
You didn't know any spells.
Your spell library was empty.

Dungeon Overview and Level Annotations

Branches:
Dungeon (3/15)

Altars:
Elyvilon

Annotations:
D:2 Terence
D:3 Crazy Yiuf


Innate Abilities, Weirdness & Mutations

You have hooves in place of feet.
Armour fits poorly on your strangely shaped body.
You cover ground very quickly.
You have extremely tough skin. (AC +3)


Message History

Crazy Yiuf grits, "Candle!
Gum forty-two cower."
Crazy Yiuf screams, "Mama forty-two pizzabubble!"
Crazy Yiuf grits, "Blight snail arga!"
Crazy Yiuf cries, "Action down koolooloo!"
You are feeling hungry.
Unknown command.
You start resting.
Crazy Yiuf screams, "Seed agre sing!"
Crazy Yiuf laughs, "Papa green tired!"
HP restored.
Crazy Yiuf yells, "Fluff!
Earwax infinity ragdoll."
You open the door. You hit Crazy Yiuf but do no damage.
Crazy Yiuf hits you with a +4 quarterstaff of chaos!
Crazy Yiuf burns you.
You hit Crazy Yiuf.
Crazy Yiuf is moderately wounded.
Crazy Yiuf hits you with a +4 quarterstaff of chaos!
You are electrocuted!
You die...

#.......#####..####.......##..
#.......# #....# #.......##.#
#.......# #....# #.......##.#
###.....# ##...# #....#####.#
#..<..# ##.## ##'### #.#
#.....# ##.# #.# #.# ####..#
#.## #.# #.# ######## ##.#
#.#######.# #......# #@##
#.#|....... #.###### *#g#*
##.#.#####.# #.# #.# *...*
#........... #.###.# #...#
##.#.####### #.....# #)..#
#.#........ #####.# #####
#.######### #.# #.# # #.###
### #.# # #.#.# ###.####.# #


You could see Crazy Yiuf.

Vanquished Creatures
  4 adders
  2 worms (D:2)
  4 leopard geckos
  A ball python (D:1)
  5 giant cockroaches
  5 goblins
  5 hobgoblins
  A quokka (D:2)
  8 bats
  4 frilled lizards
  7 kobolds
  9 rats
55 creatures vanquished.

Notes
Turn   | Place    | Note
-------+----------+-------------------------------------------
     0 | Abyss:1  | Gargoyl the Centaur Abyssal Knight began the quest for the
                  | Orb.
     0 | Abyss:1  | Reached XP level 1. HP: 19/19 MP: 2/2
    35 | Abyss:1  | Noticed a starcursed mass
    42 | Abyss:1  | Noticed a bone dragon
    47 | Abyss:1  | Noticed a hungry ghost
    53 | Abyss:1  | Noticed a smoke demon
    55 | D:1      | Escaped the Abyss
   277 | D:1      | Reached XP level 2. HP: 22/26 MP: 3/3
   409 | D:1      | Reached * piety under Lugonu
   969 | D:2      | Reached skill level 1 in Dodging
   992 | D:2      | Reached XP level 3. HP: 25/31 MP: 4/4
  1458 | D:2      | Reached ** piety under Lugonu
  1636 | D:2      | Reached XP level 4. HP: 31/38 MP: 5/5
  1737 | D:2      | Noticed Terence
  2104 | D:3      | Found a white marble altar of Elyvilon.
  2610 | D:3      | Found a runed translucent door.
  2611 | D:3      | Noticed Crazy Yiuf
  2949 | D:3      | Slain by Crazy Yiuf

Skill      XL: |  1  2 |
---------------+-------+-----
Axes           | 2 |  2.5
Dodging        | 1 |  1.5
Fighting       | |  3.5
Armour         | |  1.9
Invocations    | |  2.7

Action                   |  1- 3 |  4- 6 || total
-------------------------+-------+-------++-------
Melee: Hand axe          |   111 |    45 ||   156
       Kick              |    13 |     6 ||    19
Invok: Depart the Abyss  |     1 |       ||     1
  Use: Scroll            |     4 |     2 ||     6
       Potion            |       |     1 ||     1
  Eat: Chunk             |     1 |       ||     1
       Ration            |       |     1 ||     1
Armor: Leather armour    |    57 |    10 ||    67
       Scale mail        |       |    14 ||    14
Dodge: Dodged            |    58 |     9 ||    67
